 Dungeon Crawl Stone Soup version 0.31.0-12-g77e489cdc1 (webtiles) character file.

Game seed: 4660128747861382655

5784 Arex the Mimic (level 10, -5/88 HPs)
             Began as a Red Draconian Shapeshifter on Feb 13, 2024.
             Was an Initiate of Gozag.
             Slain by a slime creature (17 damage)
             ... on level 10 of the Dungeon.
             The game lasted 00:15:07 (9684 turns).

Arex the Mimic (Red Draconian Shapeshifter)         Turns: 9684, Time: 00:15:08

Health: -5/88      AC:  7    Str: 18    XL:     10   Next: 50%
Magic:  10/10      EV: 15    Int: 10    God:    Gozag
Gold:   81         SH:  0    Dex: 14    Spells: 9/9 levels left

rFire   + .          .
                       - Unarmed
rCold   . . .        (no shield)
rNeg    . . .        (body armour unavailable)
rPois   +            (helmet currently unavailable)
rElec   .            (cloak currently unavailable)
rCorr   .            (gloves currently unavailable)
SInv    +            (boots currently unavailable)
Will    .....        A - amulet of the acrobat
Stlth   +            o - ring of see invisible
HPRegen 0.34/turn    r - ring of poison resistance
MPRegen 0.12/turn

%: acrobat
@: beast-form, marked, gold aura
A: beast (slay +4), breathe fire, AC +7, unfitting armour, fire resistance 1,
cold-blooded
a: Breathe Fire, Begin Untransformation, Renounce Religion, Potion Petition,
Call Merchant, Bribe Branch


You were on level 10 of the Dungeon.
You worshipped Gozag.
Gozag was noncommittal.
You were a hulking beast.
You visited 2 branches of the dungeon, and saw 11 of its levels.

You collected 1213 gold pieces.
You spent 305 gold pieces at shops.
You paid 827 gold pieces to Gozag.

Inventory:

Missiles
 v - 3 throwing nets
Jewellery
 o - a ring of see invisible (left hand)
 r - a ring of poison resistance (right hand)
 z - a ring of flight
 A - an amulet of the acrobat (around neck)
Talismans
 b - a beast talisman
 c - a flux talisman
 l - a maw talisman
Wands
 a - a wand of paralysis (12)
 t - a wand of mindburst (11)
Scrolls
 e - 2 scrolls of amnesia
 f - 3 scrolls of torment
 g - 4 scrolls of teleportation
 i - a scroll of brand weapon {unknown}
 j - a scroll of vulnerability
 k - a scroll of enchant armour
 m - a scroll of fog {unknown}
 q - a scroll of fear
 x - a scroll of poison
 y - a scroll of enchant weapon
 C - a scroll of blinking
Potions
 d - 2 potions of mutation
 h - a potion of magic
 n - a potion of heal wounds {unknown}
 p - 3 potions of curing
 s - a potion of brilliance {unknown}
 u - a potion of haste {unknown}
 w - a potion of enlightenment {unknown}
 B - a potion of invisibility


   Skills:
 + Level 7.9 Fighting
 + Level 6.7 Dodging
 + Level 7.8 Unarmed Combat
 * Level 9.7 Shapeshifting


You had 9 spell levels left.
You didn't know any spells.
Your spell library was empty.

Dungeon Overview and Level Annotations

Branches:
Dungeon (10/15) Zot: 26979  Temple (1/1) D:4 Zot: 5922
   Lair: D:8-11         Orc: D:9-12

Altars:
Ashenzari
Cheibriados
Dithmenos
Elyvilon
Fedhas
Gozag
Hepliaklqana
Kikubaaqudgha
Makhleb
Nemelex Xobeh
Okawaru
Qazlal
Ru
Sif Muna
Trog
Uskayaw
Vehumet
Wu Jian
Xom
Yredelemnul
Zin
The Shining One

Shops:
D:8 *   D:9 ?

Annotations:
D:3 2 runed translucent doors, Charlie33ad's ghost, weakling DEFE; Crazy Yiuf
D:6 3 runed translucent doors, Consumeair16's ghost, amateur GnFi
D:9 Harold


Innate Abilities, Weirdness & Mutations

You are a hulking beast.
Your limbs bulge with bestial killing power. (Slay +4)
You can breathe blasts of fire.
Your fiery red scales are hard. (AC +7)
You cannot fit into any form of body armour.
Your flesh is heat resistant. (rF+)
You are cold-blooded and may be slowed by cold attacks.


Message History

You are too injured to fight recklessly!
You are too injured to fight recklessly!
You are too injured to fight recklessly!
You are too injured to fight recklessly!
You are too injured to fight recklessly!
You are too injured to fight recklessly!
You are too injured to fight recklessly!
You are too injured to fight recklessly!
You are too injured to fight recklessly!
You are too injured to fight recklessly!
You are too injured to fight recklessly!
You are too injured to fight recklessly!
You hit the slime creature.
The slime creature is severely wounded.
The slime creature is distracted by your dazzling golden aura.
The slime creature barely misses you.
You punch the slime creature!
The slime creature is no longer distracted by gold.
The slime creature is almost dead.
The slime creature hits you! The slime creature hits you.
You hit the slime creature. You tail-slap the slime creature.
You kill the slime creature!
The slime creature hits you.
You punch the slime creature! Your punch misses the slime creature.
The slime creature is lightly wounded.
The slime creature hits you!
You punch the slime creature! You tail-slap the slime creature.
The slime creature is heavily wounded.
The slime creature hits you!
You hit the slime creature. You tail-slap the slime creature.
The slime creature is severely wounded.
You punch the slime creature!
The slime creature is almost dead.
The slime creature hits you!
* * * LOW HITPOINT WARNING * * *
You barely miss the slime creature.
The slime creature is almost dead.
The slime creature hits you!
You die...
Your body crumbles into a pile of gold.

..# ..
.##
####<.##
#!.....#
#.$...<+
+.$J...#
#.h....#
#.$..$.#
#.<....#
#......#
#......#
#......#
########


You could see a slime creature.

Vanquished Creatures
  2 two-headed ogres
  A kobold demonologist (D:8)
  A hornet (D:8)
  A slime creature (D:10)
  Menkaure (D:5)
  Edmund (D:5)
  2 orc warriors
  3 water moccasins
  An ice beast (D:7)
  3 sky beasts
  3 black bears
  A phantom (D:6)
  4 centaurs
  3 kobold brigands
  4 bullfrogs
  2 gnoll sergeants
  4 scorpions
  5 killer bees
  2 electric eels (D:7)
  2 bombardier beetles
  A gnoll bouda (D:7)
  4 hounds
  2 jellies (D:6)
  3 orc priests
  5 sleepcaps
  4 iguanas
  Ijyb (D:3)
  6 orc wizards
  5 adders
  14 gnolls
  A ribbon worm (D:3)
  5 dart slugs
  19 orcs
  5 ball pythons
  4 bats
  5 endoplasms
  5 giant cockroaches
  14 goblins
  5 hobgoblins
  10 jackals
  3 quokkas
  3 frilled lizards
  21 kobolds
  5 rats
196 creatures vanquished.

Notes
Turn   | Place    | Note
-------+----------+-------------------------------------------
     0 | D:1      | Arex the Draconian Shapeshifter began the quest for the
                  | Orb.
     0 | D:1      | Reached XP level 1. HP: 16/16 MP: 1/1
    55 | D:1      | Reached XP level 2. HP: 7/23 MP: 2/2
   413 | D:1      | You fall into a shaft and drop 1 floor!
   556 | D:2      | Reached XP level 3. HP: 25/29 MP: 3/3
  1322 | D:3      | Found a runed translucent door.
  1323 | D:3      | Noticed Crazy Yiuf
  1353 | D:3      | Found a burning altar of Makhleb.
  1452 | D:3      | Reached XP level 4. HP: 23/36 MP: 4/4
  1457 | D:3      | Found a runed translucent door.
  1457 | D:3      | Noticed Charlie33ad's ghost (weakling DEFE)
  1802 | D:3      | Noticed Ijyb
  1811 | D:3      | Paralysed by Ijyb for 4 turns
  1819 | D:3      | Killed Ijyb
  1832 | D:3      | Reached XP level 5. HP: 33/42 MP: 5/5
  2043 | D:3      | Reached skill level 4 in Shapeshifting
  2688 | D:4      | Reached XP level 6. HP: 51/51 MP: 6/6
  2961 | D:4      | Found a staircase to the Ecumenical Temple.
  3022 | Temple   | Entered the Ecumenical Temple
  3061 | Temple   | Became a worshipper of Gozag Ym Sagoz the Greedy
  3439 | D:5      | Entered Level 5 of the Dungeon
  3517 | D:5      | Reached skill level 5 in Shapeshifting
  3517 | D:5      | Your scales start taking on a fiery red colour.
  3517 | D:5      | Reached XP level 7. HP: 46/58 MP: 7/7
  3517 | D:5      | Gained mutation: Your flesh is heat resistant. (rF+) [Red
                  | Draconian growth]
  3715 | D:5      | Noticed Menkaure
  3745 | D:5      | Killed Menkaure
  3837 | D:5      | Noticed Edmund
  3868 | D:5      | Killed Edmund
  3869 | D:5      | Reached skill level 5 in Unarmed Combat
  4384 | D:6      | Reached skill level 6 in Shapeshifting
  4384 | D:6      | Reached XP level 8. HP: 67/67 MP: 8/8
  4460 | D:6      | Found a runed translucent gate.
  4460 | D:6      | Found a runed translucent gate.
  4460 | D:6      | Found a runed translucent gate.
  4466 | D:6      | Noticed Consumeair16's ghost (amateur GnFi)
  4884 | D:6      | Reached skill level 5 in Fighting
  5231 | D:6      | Reached skill level 7 in Shapeshifting
  5802 | D:7      | Reached skill level 5 in Dodging
  5814 | D:7      | Reached XP level 9. HP: 75/75 MP: 9/9
  6281 | D:7      | Identified the staff "Ucamawnu" {rElec rPois rF+ rCorr
                  | Dex+2 Fire}
  6421 | D:7      | Reached skill level 8 in Shapeshifting
  6822 | D:7      | Found a white marble altar of Elyvilon.
  7504 | D:8      | Bought a scroll of identify for 52 gold pieces
  8217 | D:8      | Bought a small coral ring for 130 gold pieces
  8653 | D:9      | Noticed a kobold demonologist
  8670 | D:9      | Noticed a sun demon
  8679 | D:8      | Reached XP level 10. HP: 34/86 MP: 10/10
  8945 | D:8      | Reached skill level 9 in Shapeshifting
  9192 | D:9      | Noticed a two-headed ogre
  9202 | D:9      | Killed a two-headed ogre
  9609 | D:9      | Found Dosepn's Magic Scroll Shop.
  9619 | D:9      | Bought a scroll of blinking for 97 gold pieces
  9619 | D:9      | Bought a scroll of identify for 26 gold pieces
  9648 | D:9      | Noticed Harold
  9662 | D:10     | Entered Level 10 of the Dungeon
  9662 | D:10     | Noticed a two-headed ogre
  9670 | D:10     | Killed a two-headed ogre
  9684 | D:10     | Slain by a slime creature

Illustrated notes

Levels and vault maps discovered:
D:1:      mrwooster_arrival_statue, layout_basic, dreamdust_mushroom_princess,
          chequers_serial_rivers_micro_d
D:2:      layout_basic, minmay_stone_trees_large
D:3:      layout_basic, lemuel_round_altar, ebering_ghost_inner_flame,
          uniq_ijyb, uniq_crazy_yiuf_cottage
D:4:      layout_cave_pods, minmay_temple_entry_antechambers
D:5:      layout_basic, uniq_edmund, uniq_menkaure
D:6:      layout_layer_cave, gammafunk_ghost_split
D:7:      layout_loops_ring, lemuel_doored_altar, serial_bayou,
          serial_bayou_shore_a, serial_bayou_crossing, serial_bayou_pond_c,
          serial_bayou_shore_b, minmay_bent
D:8:      layout_basic, nicolae_elevator_lobby_asterisk
D:9:      layout_layer_cave, hellmonk_lair_entry_icy, serial_shops, shop,
          uniq_harold
D:10:     layout_roguey
Temple:   mainiacjoe_temple_big_plus

Skill      XL: |  1  2  3  4  5  6  7  8  9 10 |
---------------+-------------------------------+-----
Dodging        | 2 3 4 5 6 |  6.7
Fighting       | 2 3 4 5 7 |  7.9
Shapeshifting  | 4 5 6 7 8 9 |  9.7
Unarmed Combat | 4 5 6 7 |  7.8

Action                     |  1- 3 |  4- 6 |  7- 9 | 10-12 || total
---------------------------+-------+-------+-------+-------++-------
  Melee: Unarmed           |   130 |   146 |   266 |    62 ||   604
         Tailslap          |    12 |    15 |    27 |    12 ||    66
         Punch             |     2 |     6 |    12 |     1 ||    21
 Invoke: Call Merchant     |       |       |     1 |       ||     1
Ability: Breathe Fire      |       |       |    35 |     5 ||    40
  Evoke: Wand              |       |     4 |     2 |     8 ||    14
    Use: Scroll            |     1 |     3 |     6 |     2 ||    12
         Potion            |       |     1 |     1 |       ||     2
   Stab: Sleeping          |     1 |       |       |       ||     1
         Paralysed         |       |     5 |    14 |    10 ||    29
         Distracted        |       |       |     1 |       ||     1
 Armour: Skin              |   100 |    94 |   171 |    29 ||   394
  Dodge: Dodged            |   102 |    60 |   217 |    35 ||   414
